Map: Ulrena

Players

Denver - Winner!

  • Race: Zerg Zerg
  • League: Grandmaster

FunK

  • Race: Protoss Protoss
  • League: Master

VOD

Have the link to the VOD?

Description

Time

  • Played on: March 27, 2016, 6:16 p.m.
  • Length: 12:09
Show
View Real Time Build Order
Export as new Build Order

Denver Zerg - Winner!

Build Orders: Pool First 

Get SALT Encoding   

  12  0:00  Drone  
  13  0:13  Overlord  
  13  0:18  Drone  
  14  0:31  Drone  
  14  0:32  Drone  
  16  0:35  Drone  
  16  0:37  Extractor  
  16  0:46  Drone  
  17  0:53  Spawning Pool  
  17  0:56  Drone  
  17  1:18  Hatchery  
  17  1:22  Drone  
  17  1:29  Drone  
  18  1:40  Metabolic Boost  
  18  1:44  Queen  
  20  1:47  Zergling x2  
  20  1:54  Overlord  
  21  1:58  Drone  
  22  2:04  Overlord  
  22  2:13  Zergling x2  
  23  2:20  Queen  
  25  2:24  Zergling x2  
  26  2:33  Zergling x2  
  26  2:34  Queen  
  29  2:38  Zergling x2  
  30  2:45  Zergling x4  
  31  2:54  Zergling x8  
  35  3:01  Zergling x2  
  35  3:08  Zergling x2  
  35  3:18  Zergling x4  
  35  3:23  Zergling x2  
  35  3:24  Overlord  
  34  3:31  Drone  
  34  3:32  Drone x5  
  39  3:39  Drone  
  40  3:42  Overlord  
  40  3:51  Drone  
  40  3:55  Drone  
  40  3:56  Drone x3  
  42  4:06  Drone x4  
  45  4:18  Hatchery  
  44  4:25  Roach Warren  
  44  4:29  Drone x3  
  46  4:35  Queen  
  48  4:39  Drone x2  
  48  4:40  Extractor  
  48  4:41  Drone  
  48  4:45  Overlord  
  50  4:57  Zergling x2  
  50  4:58  Zergling x14  
  57  5:05  Roach x2  
  57  5:06  Roach  
  61  5:20  Roach x3  
  65  5:25  Overlord  
  65  5:32  Overlord  
  65  5:41  Roach x3  
  67  5:48  Drone  
  67  5:49  Drone x4  
  71  5:52  Extractor  
  71  5:56  Roach  
  71  5:57  Roach x2  
  76  6:03  Spore Crawler  
  75  6:06  Roach x3  
  75  6:07  Roach  
  83  6:12  Zergling x2  
  83  6:16  Overlord  
  84  6:21  Zergling x6  
  84  6:22  Zergling x4  
  89  6:30  Overlord x2  
  89  6:37  Ravager x4  
  89  6:39  Zergling x8  
  97  6:50  Drone  
  97  6:51  Drone x7  
  105  6:58  Lair  
  104  7:06  Roach x3  
  107  7:12  Overlord  
  107  7:14  Drone x4  
  104  7:33  Zergling x24  
  97  7:52  Drone x2  
  97  7:53  Drone x6  
  101  8:02  Ravager x5  
  101  8:03  Zergling x2  
  101  8:04  Zergling x8  
  111  8:12  Zergling x2  
  110  8:14  Queen  
  108  8:27  Roach  
  108  8:28  Roach x6  
  112  8:39  Roach  
  112  8:40  Roach x3  
  110  8:43  Roach  
  110  8:44  Roach  
  110  8:51  Glial Reconstitution  
  110  8:52  Drone x7  
  110  8:54  Extractor  
  110  8:55  Extractor  
  115  8:59  Drone x2  
  114  9:05  Hatchery  
  114  9:07  Drone x2  
  115  9:13  Roach  
  115  9:14  Roach x2  
  115  9:15  Overlord x3  
  115  9:16  Extractor  
  120  9:26  Zergling x4  
  122  9:31  Overlord  
  102  9:45  Zergling x2  
  96  9:46  Zergling x24  
  102  9:54  Drone x4  
  102  9:55  Drone  
  103  10:01  Roach  
  103  10:12  Roach  
  103  10:13  Roach x7  
  112  10:17  Hydralisk Den  
  110  10:23  Ravager  
  110  10:24  Ravager x2  
  110  10:27  Zergling x2  
  110  10:28  Zergling x14  
  121  10:37  Zergling x8  
  121  10:42  Zergling x2  
  125  10:56  Roach x8  
  125  10:57  Roach x4  
  119  11:10  Roach  
  119  11:11  Roach x6  
  117  11:18  Roach  
  117  11:19  Roach x2  
  118  11:29  Roach x6  
  126  11:33  Ravager x2  
  117  11:48  Roach  
  117  11:49  Roach x8  
  141  12:01  Ravager x2  
Show
View Real Time Build Order
Export as new Build Order

FunK Protoss 

Build Orders:  

Get SALT Encoding   

  12  0:01  Probe (Chrono Boost)  
  13  0:11  Probe (Chrono Boost)  
  14  0:20  Pylon  
  14  0:22  Probe (Chrono Boost)  
  15  0:38  Probe (Chrono Boost), Gateway  
  16  0:44  Assimilator  
  16  0:48  Probe (Chrono Boost)  
  17  0:59  Probe (Chrono Boost)  
  17  1:03  Gateway  
  18  1:10  Probe (Chrono Boost)  
  19  1:20  Probe (Chrono Boost)  
  20  1:25  Cybernetics Core  
  20  1:30  Assimilator  
  20  1:31  Probe (Chrono Boost)  
  20  1:32  Pylon  
  21  1:41  Probe (Chrono Boost)  
  22  1:52  Probe (Chrono Boost)  
  23  2:02  Probe (Chrono Boost), Warp Gate (Chrono Boost), Adept (Chrono Boost)  
  23  2:04  Adept (Chrono Boost)  
  28  2:14  Probe  
  28  2:20  Pylon  
  28  2:26  Probe (Chrono Boost)  
  29  2:38  Mothership Core (Chrono Boost)  
  29  2:41  Adept x2  
  34  3:01  Probe (Chrono Boost)  
  35  3:10  Nexus  
  33  3:20  Gateway  
  33  3:25  Pylon  
  33  3:34  Probe (Chrono Boost)  
  34  3:44  Robotics Facility  
  34  3:46  Probe  
  35  3:58  Probe  
  35  4:10  Probe  
  35  4:16  Adept x3  
  42  4:21  Gateway  
  42  4:23  Pylon  
  42  4:25  Probe (Chrono Boost)  
  42  4:26  Probe (Chrono Boost)  
  42  4:29  Observer (Chrono Boost)  
  45  4:36  Probe (Chrono Boost)  
  47  4:38  Sentry x2  
  47  4:39  Probe (Chrono Boost)  
  47  4:41  Sentry  
  53  4:51  Immortal  
  53  4:57  Probe (Chrono Boost)  
  53  4:59  Probe (Chrono Boost)  
  59  5:17  Probe (Chrono Boost)  
  59  5:18  Probe (Chrono Boost)  
  59  5:25  Immortal  
  59  5:27  Probe (Chrono Boost)  
  58  5:31  Probe (Chrono Boost)  
  63  5:35  Pylon  
  63  5:39  Forge  
  59  5:44  Probe (Chrono Boost), Gateway  
  59  5:46  Probe (Chrono Boost)  
  55  5:52  Assimilator  
  55  5:54  Sentry, Assimilator  
  55  5:56  Probe (Chrono Boost)  
  59  5:58  Probe (Chrono Boost)  
  59  5:59  Warp Prism  
  59  6:04  Pylon  
  59  6:06  Probe (Chrono Boost)  
  59  6:09  Adept x2  
  59  6:10  Probe (Chrono Boost)  
  67  6:15  Protoss Ground Weapons Level 1 (Chrono Boost)  
  67  6:18  Probe (Chrono Boost)  
  68  6:21  Probe (Chrono Boost), Pylon  
  69  6:27  Twilight Council  
  69  6:29  Adept  
  69  6:30  Adept  
  73  6:33  Observer  
  74  6:50  Pylon  
  74  6:52  Immortal  
  78  7:05  Blink (Chrono Boost), Robotics Bay  
  78  7:12  Stalker  
  78  7:13  Stalker x2  
  84  7:19  Stalker  
  84  7:31  Immortal  
  84  7:38  Stalker x2  
  88  7:45  Stalker x2  
  86  8:03  Stalker x2, Nexus  
  90  8:06  Pylon  
  90  8:10  Probe x2, Immortal (Chrono Boost)  
  96  8:18  Pylon  
  94  8:24  Adept x2  
  96  8:28  Stalker  
  96  8:32  Adept  
  84  8:36  Zealot  
  73  8:45  Disruptor (Chrono Boost)  
  68  8:52  Stalker x2  
  68  8:54  Sentry  
  74  9:06  Probe x2  
  76  9:16  Disruptor (Chrono Boost)  
  79  9:18  Probe x2  
  79  9:22  Stalker x2  
  79  9:23  Stalker  
  87  9:31  Mothership Core  
  84  9:44  Stalker x2  
  76  9:51  Zealot, Stalker x2  
  76  10:00  Protoss Ground Weapons Level 2 (Chrono Boost)  
  76  10:02  Probe  
  76  10:03  Probe x2  
  77  10:12  Observer  
  75  10:22  Zealot x3, Adept  
  83  10:28  Disruptor  
  83  10:35  Probe, Stalker  
  88  10:37  Probe x2  
  80  10:59  Zealot  
  80  11:00  Zealot x4  
  78  11:04  Disruptor  
  58  11:27  Stalker x4  
  61  11:44  Stalker  
  55  11:52  Stalker x3  
  47  11:54  Adept  
Tags
 
Add a new tag
Caveats
  • Supply blocks, unpowered buildings, or Contaminate may cause inaccurate times.
  • Supply counts are checked every 10 seconds.